 Dungeon Crawl Stone Soup version bcrawl-1.14.2-1-gc900083943 (webtiles) character file.

Game seed: 11075022238265608967

450 MisterOstroum the Shooter (level 6, 40/56 HPs)
             Began as a Centaur Arcane Marksman on Sept 21, 2019.
             Was an Initiate of Okawaru.
             Quit the game on level 3 of the Dungeon.
             The game lasted 00:18:20 (3655 turns).

MisterOstroum the Shooter (Centaur Arcane Marksman) Turns: 3655, Time: 00:18:21

Health: 40/56      AC:  5    Str: 12    XL:     6   Next: 74%
Magic:  6/9        EV: 10    Int: 12    God:    Okawaru [......]
Gold:   209        SH:  0    Dex: 12    Spells: 3/9 levels left

rFire    . . .     SeeInvis .   a - +1 shortbow
rCold    . . .     Gourm    .   (shield currently unavailable)
rNeg     . . .     Faith    .   c - +0 robe
rPois    .         Spirit   .   k - +0 helmet
rElec    .         Reflect  .   (no cloak)
rCorr    .         Harm     .   (no gloves)
MR       +....                  (no barding)
Stlth    ..........             (no amulet)
HPRegen  0.18/turn              r - ring of attention (curse)
MPRegen  0.11/turn              i - ring of protection from magic

@: very quick
A: large, hooves 3, deformed body, speed 2, tough skin 3
a: Renounce Religion


You were on level 3 of the Dungeon.
You worshipped Okawaru.
Okawaru was noncommittal.
You were not hungry.

You visited 1 branch of the dungeon, and saw 4 of its levels.

You collected 209 gold pieces.

Inventory:

Hand Weapons
 a - a +1 shortbow (weapon)
 b - a +0 dagger
 n - a +0 short sword
 y - a +0 spear of piercing
Missiles
 f - 109 arrows (quivered)
 o - 543 stones
 p - 67 tomahawks of dispersal
 t - 172 bolts
Armour
 c - a +0 robe (worn)
 k - a +0 helmet (worn)
Jewellery
 i - a ring of protection from magic (right hand)
 j - an uncursed ring of protection from cold
 r - a cursed ring of attention (left hand)
Scrolls
 l - 4 scrolls of enchant weapon
 m - a scroll of fog {unknown}
 s - a scroll of remove curse {unknown}
 u - a scroll of teleportation {unknown}
 v - a scroll of blinking {unknown}
 x - a scroll of amnesia {unknown}
Potions
 q - 2 potions of heal wounds
 w - 2 potions of curing
 z - a potion of berserk rage {unknown}
Comestibles
 e - 8 rations {!d}


   Skills:
 - Level 5.0 Fighting
 + Level 5.6 Bows
 - Level 1.3 Dodging
 - Level 2.0 Spellcasting
 - Level 3.6 Hexes


You had 3 spell levels left.
You knew the following spells:

 Your Spells              Type           Power        Failure   Level  Hunger
a - Corona                Hex            #......      6%          1    ##.....
b - Shackle               Hex            #.......     10%         2    ###....
c - Inner Flame           Hex/Fire       N/A          36%         3    ####...

Your spell library contained the following spells:

 Spells                   Type           Power        Failure   Level  Hunger
 False Image              Hex/Summ       #.......     36%         3    ####...
 Cause Fear               Hex            #.........   52%         4    #####..
 Yara's Violent Unravell  Hex/Tmut       #.........   78%         4    #####..


Dungeon Overview and Level Annotations

Branches:
Dungeon (4/12)
 Temple: D:4-7

Altars:
Ashenzari
Makhleb
Okawaru
Qazlal


Innate Abilities, Weirdness & Mutations

You have hooves in place of feet.
Armour fits poorly on your strangely shaped body.
You cover ground very quickly.
You have extremely tough skin. (AC +3)


Message History

You hit the orc but do no damage. Your kick misses the orc.
The orc is severely wounded.
The worker ant zombie bites you. The orc misses you.
You closely miss the orc.
The orc is severely wounded.
The worker ant zombie barely misses you.
The orc hits you with a +0 short sword.
You hit the orc.
The orc is severely wounded.
You are feeling hungry.
The worker ant zombie barely misses you.
The orc hits you with a +0 short sword.
You hit the orc but do no damage.
The orc is severely wounded.
You start to feel a little slower.
The worker ant zombie bites you. The orc closely misses you.
You hit the orc.
You kill the orc!
Okawaru accepts your kill.
The worker ant zombie barely misses you.
Items here: )) [[ ††† You float gracefully downwards.
There is a stone staircase leading up here.
The worker ant zombie bites you but does no damage.
You feel sluggish.
An iguana comes into view.
The iguana hisses angrily.
An orc comes into view. It is wielding a +0 hand axe.
The orc throws a stone.
The stone barely misses you.
The orc throws a stone.
The stone barely misses you.
You see here a leopard gecko corpse.
There is a stone staircase leading up here.
You climb upwards.
There is a stone staircase leading down here.
You start resting.
Eating a chunk of flesh.
You eat the chunk of flesh.
This raw flesh tastes terrible.
You start to feel a little faster.
You start resting.
You no longer feel sluggish.
You start resting.
HP restored.
Wield which item (- for none, * to show all)? (? for menu, Esc to quit)
a - a +1 shortbow (weapon)
You start resting.
HP restored.
You climb downwards.
The iguana misses you.
There is a stone staircase leading up here.
There are monsters nearby!
Wield which item (- for none, * to show all)? (? for menu, Esc to quit)
Okay, then.
The iguana bites you!
You climb upwards.
There is a stone staircase leading down here.
Casting: Corona (safe; 6% risk of failure)
Confirm with . or Enter, or press ? or * to list all spells.
Aiming: Shackle (safe; 10% risk of failure)
Press: ? - help, Shift-Dir - straight line, f - iguana
Aim: an iguana (chance to defeat MR: 52%)
The iguana resists with significant effort.
The iguana closely misses you.
Casting: Shackle (safe; 10% risk of failure)
Confirm with . or Enter, or press ? or * to list all spells.
Aiming: Shackle (safe; 10% risk of failure)
Press: ? - help, Shift-Dir - straight line, f/p - iguana
Aim: an iguana (chance to defeat MR: 52%)
The iguana is shackled.
The iguana bites you.
Firing (i - inventory. (/) - cycle)
f - 113 arrows (quivered)
Press: ? - help, Shift-Dir - straight line, f/p - iguana
Aim: an iguana (shackled)
You shoot an arrow. The arrow barely misses the iguana.
Firing (i - inventory. (/) - cycle)
f - 112 arrows (quivered)
Press: ? - help, Shift-Dir - straight line, f/p - iguana
Aim: an iguana (shackled)
You shoot an arrow. The arrow closely misses the iguana.
The iguana's shackles fade away.
Firing (i - inventory. (/) - cycle)
f - 111 arrows (quivered)
Press: ? - help, Shift-Dir - straight line, f/p - iguana
Aim: an iguana You shoot an arrow.
The arrow barely misses the iguana.
Unknown command.
Unknown command.
Firing (i - inventory. (/) - cycle)
f - 110 arrows (quivered)
Press: ? - help, Shift-Dir - straight line, f/p - iguana
Aim: an iguana You shoot an arrow.
The arrow hits the iguana but does no damage.
The iguana bites you!
Wield which item (- for none, * to show all)? (? for menu, Esc to quit)
Okay, then.
Are you sure you want to abandon this character and quit the game? (Confirm with "yes".)
Okay, then.
Saving game... please wait.
Welcome back, MisterOstroum the Centaur Arcane Marksman.
Okawaru says: Bring me glory in combat!
Press ? for a list of commands and other information.
Saving game... please wait.
Welcome back, MisterOstroum the Centaur Arcane Marksman.
Okawaru says: Bring me glory in combat!
Press ? for a list of commands and other information.
Are you sure you want to abandon this character and quit the game? (Confirm with "yes".)

#....................
#...(................
#....................
#....................
#....................
#.....l..............
##.....####...........
#......# #...........
#....@.####...........
#.....................
#.....................
#.....................
#...............######
#...#...........##....
#...#...........##....
#...#......######.....
#...#.................


You could see an iguana.

Vanquished Creatures
  An ogre (D:3)
  A howler monkey (D:4)
  A hound (D:3)
  A bullfrog skeleton (D:3)
  2 worker ants (D:3)
  A hound skeleton (D:2)
  5 gnolls (D:3)
  3 adders (D:3)
  An ooze (D:2)
  7 worms
  3 dart slugs
  3 leopard geckos
  6 orcs
  5 bats (D:1)
  A giant cockroach (D:2)
  17 hobgoblins
  8 jackals
  A quokka (D:2)
  4 ball pythons
  7 frilled lizards
  10 goblins
  9 kobolds
  6 rats
103 creatures vanquished.

Notes
Turn   | Place    | Note
-------+----------+-------------------------------------------
     0 | D:1      | MisterOstroum the Centaur Arcane Marksman began the quest
                  | for the Orb.
     0 | D:1      | Reached XP level 1. HP: 16/16 MP: 3/3
     2 | D:1      | Noticed a ghoul
     2 | D:1      | Noticed a centaur
     4 | D:1      | Noticed a halfling
     4 | D:1      | Noticed an ogre
     6 | D:1      | Noticed a vampire
     6 | D:1      | Noticed a human
     8 | D:1      | Noticed a felid
     8 | D:1      | Noticed a gargoyle
    10 | D:1      | Noticed a vine stalker
    12 | D:1      | Noticed a draconian
    12 | D:1      | Noticed a naga
    14 | D:1      | Noticed a demonspawn
    14 | D:1      | Noticed a demigod
    16 | D:1      | Noticed a spriggan
    18 | D:1      | Noticed a dwarf
    18 | D:1      | Noticed an elf
    20 | D:1      | Noticed a merfolk
    22 | D:1      | Noticed a minotaur
    22 | D:1      | Noticed a tengu
    24 | D:1      | Noticed a troll
    24 | D:1      | Noticed an octopode
    26 | D:1      | Noticed a formicid
   254 | D:1      | Reached XP level 2. HP: 22/24 MP: 4/4
   655 | D:1      | Reached XP level 3. HP: 28/30 MP: 5/5
  1021 | D:2      | Found a stormy altar of Qazlal.
  1239 | D:2      | Learned a level 2 spell: Shackle
  1315 | D:2      | Found a burning altar of Makhleb.
  1315 | D:2      | Noticed a cacodemon
  1318 | D:2      | Noticed a ynoxinul
  1318 | D:2      | Noticed a smoke demon
  1419 | D:2      | Found a shattered altar of Ashenzari.
  1508 | D:2      | Reached XP level 4. HP: 34/38 MP: 6/6
  1516 | D:2      | Learned a level 3 spell: Inner Flame
  2020 | D:3      | Noticed an ogre
  2049 | D:3      | Killed an ogre
  2049 | D:3      | Reached XP level 5. HP: 47/47 MP: 1/8
  2222 | D:3      | Found an iron altar of Okawaru.
  2262 | D:3      | Became a worshipper of Warmaster Okawaru
  2335 | D:3      | Reached XP level 6. HP: 52/55 MP: 9/9
  2338 | D:3      | Reached skill level 5 in Fighting
  2772 | D:3      | Reached skill level 5 in Bows
  3655 | D:3      | Quit the game

Skill      XL: |  1  2  3  4  5  6 |
---------------+-------------------+-----
Fighting       | 2 3 4 5 |  5.0
Bows           | 3 4 5 |  5.6
Hexes          | 3 |  3.6
Spellcasting   | 2 |  2.0
Dodging        | |  1.3

Action                   |  1- 3 |  4- 6 || total
-------------------------+-------+-------++-------
Melee: Dagger            |    76 |    78 ||   154
       Kick              |    15 |    14 ||    29
       Short sword       |       |     3 ||     3
 Fire: Shortbow          |   106 |   171 ||   277
Throw: Stone             |     1 |     1 ||     2
 Cast: Corona            |     5 |     8 ||    13
       Shackle           |       |    17 ||    17
  Use: Scroll            |       |     3 ||     3
       Potion            |       |     3 ||     3
  Eat: Chunk             |     1 |     7 ||     8
Armor: Robe              |    37 |    53 ||    90
Dodge: Dodged            |    42 |   106 ||   148
